 Dungeon Crawl Stone Soup version 0.28.0-53-g5a82cb258f (webtiles) character file.

Game seed: 5223539587915299187

499 Sin92 the Skirmisher (level 6, 0/48 HPs)
             Began as a Demonspawn Fighter on June 6, 2022.
             Was an Initiate of Okawaru.
             Slain by Pikel
             ... wielding a +2 whip of freezing
              (3 damage)
             ... on level 4 of the Dungeon.
             The game lasted 00:07:16 (3182 turns).

Sin92 the Skirmisher (Demonspawn Fighter)           Turns: 3182, Time: 00:07:16

Health: 0/48       AC: 15    Str: 16    XL:     6   Next: 94%
Magic:  6/6        EV:  5    Int: 10    God:    Okawaru [......]
Gold:   117        SH:  5    Dex: 16    Spells: 5/5 levels left

rFire   . . .      SeeInvis .   a - +0 war axe (elec)
rCold   . . .      Faith    .   c - +0 buckler
rNeg    . . .      Spirit   .   g - +0 plate armour
rPois   .          Reflect  .   (helmet restricted)
rElec   .          Harm     .   m - +1 cloak
rCorr   .          Rampage  .   (no gloves)
Will    .....                   (no boots)
Stlth   ..........              (no amulet)
HPRegen 0.16/turn               (no ring)
MPRegen 0.10/turn               (no ring)

@: attractive
A: horns 2, thin metallic scales 1, powered by pain 1, spiny 1, agile 1,
screaming 1
a: Renounce Religion


You were on level 4 of the Dungeon.
You worshipped Okawaru.
Okawaru was noncommittal.
You visited 2 branches of the dungeon, and saw 6 of its levels.

You collected 117 gold pieces.

Inventory:

Hand Weapons
 a - a +0 war axe of electrocution (weapon)
Armour
 b - a +1 scale mail
 c - a +0 buckler (worn)
 g - a +0 plate armour (worn)
 m - a +1 cloak (worn)
Scrolls
 h - 5 scrolls of teleportation
Potions
 d - 2 potions of flight {unknown}
 e - a potion of degeneration {unknown}
 i - a potion of lignification
 k - a potion of brilliance
 l - a potion of haste


   Skills:
 + Level 4.2 Fighting
 * Level 4.2 Axes
 + Level 3.7 Armour
 + Level 2.3 Dodging
 + Level 3.8 Shields


You had 5 spell levels left.
You didn't know any spells.
Your spell library contained the following spells:

 Spells                   Type           Power      Damage    Failure   Level
 Slow                     Hex            0%         N/A       100%        1
 Confusing Touch          Hex            0%         N/A       100%        3
 Vampiric Draining        Necr           0%         2d6       100%        3


Dungeon Overview and Level Annotations

Branches:
Dungeon (5/15)             Temple (1/1) D:4

Altars:
Dithmenos
Gozag
Okawaru
Wu Jian
Xom
Zin
The Shining One

Shops:
D:1 (

Annotations:
D:4 Pikel


Innate Abilities, Weirdness & Mutations

You have a pair of horns on your head.
You are partially covered in thin metallic scales. (AC +2)
You sometimes gain a little power by taking damage.
You are partially covered in sharp spines.
You are agile. (Dex +2)
You occasionally shout uncontrollably at your foes.


Message History

You barely miss the lemure. The lemure is struck by your spines.
The lemure hits you but does no damage.
Pikel hits you with a +2 whip of freezing.
Pikel freezes you. The lemure is struck by your spines.
The lemure hits you but does no damage.
You barely miss Pikel. Your headbutt misses Pikel.
Pikel is heavily wounded.
You miss the lemure. Pikel is struck by your spines.
Pikel hits you but does no damage. The lemure is struck by your spines.
The lemure closely misses you.
Pikel hits you with a +2 whip of freezing.
Pikel freezes you.
You nearly stumble into some deep water!
The lemure hits you but does no damage. Pikel barely misses you.
Unknown command.
You closely miss the lemure.
The lemure is almost dead.
You miss Pikel. The lemure hits you.
Pikel hits you with a +2 whip of freezing.
Pikel freezes you.
You hit the lemure.
The lemure is almost dead.
You miss Pikel.
You feel less confused. The lemure barely misses you.
Pikel hits you but does no damage.
Unknown command.
You closely miss the lemure. Your headbutt misses the lemure.
The lemure is almost dead.
You closely miss Pikel. The lemure completely misses you.
Pikel hits you with a +2 whip of freezing.
* * * LOW HITPOINT WARNING * * *
Pikel freezes you.
* * * LOW HITPOINT WARNING * * *
The lemure is struck by your spines.
You kill the lemure!
That felt strangely unrewarding.
Pikel hits you with a +2 whip of freezing!
* * * LOW HITPOINT WARNING * * *
Pikel freezes you.
You die...

##.####...##.........#..
#..#.##.(........#.####.
#.....#..........#......
##....#.#...........#...
####.........####.....##.#.
#..#..>..#...#...........#.
#..........................
#.............≈≈≈≈≈.......#
####.........@.≈≈≈≈≈≈≈≈≈.....#
##.#.#..#....K≈≈≈≈≈≈≈≈≈≈≈≈≈....
#......##.##.≈≈≈≈≈≈≈≈≈≈≈≈≈≈≈...
#....##...##.≈≈≈≈≈≈...≈≈≈≈≈≈...
##......[...#........>.≈≈≈≈≈≈)..
#......)[..>..≈≈≈≈≈≈...≈≈≈≈≈≈...
#..............≈≈≈≈≈≈≈≈≈≈≈≈≈....
##...............≈≈≈≈≈≈≈≈≈......
##................≈≈≈≈≈........


You could see Pikel.

Vanquished Creatures
  Grinder (D:3)
  An ogre (D:4)
  2 lemures (D:4)
  A water moccasin skeleton (D:5)
  2 hounds
  4 adders (D:4)
  A worm (D:3)
  A dart slug (D:3)
  5 orcs (D:4)
  6 ball pythons
  4 bats
  6 endoplasms
  8 giant cockroaches
  12 goblins
  3 hobgoblins
  3 jackals (D:2)
  5 quokkas
  7 frilled lizards
  8 kobolds
  2 rats
  A bush (D:2)
83 creatures vanquished.

Vanquished Creatures (others)
  3 plants (D:2)
3 creatures vanquished.

Grand Total: 86 creatures vanquished

Notes
Turn   | Place    | Note
-------+----------+-------------------------------------------
     0 | D:1      | Sin92 the Demonspawn Fighter began the quest for the Orb.
     0 | D:1      | Reached XP level 1. HP: 18/18 MP: 1/1
    20 | D:1      | Found Risuegh's Weapon Shoppe.
   309 | D:1      | Gained mutation: You are partially covered in sharp spines.
                  | [demonic ancestry]
   309 | D:1      | Reached XP level 2. HP: 24/24 MP: 2/2
   398 | D:1      | Found a faded altar of an unknown god.
   805 | D:2      | Gained mutation: You are partially covered in thin metallic
                  | scales. (AC +2) [demonic ancestry]
   805 | D:2      | Reached XP level 3. HP: 29/29 MP: 3/3
  1026 | D:2      | Reached skill level 1 in Dodging
  1671 | D:3      | Noticed Grinder
  1760 | D:3      | Killed Grinder
  1761 | D:3      | Gained mutation: You sometimes gain a little power by
                  | taking damage. [demonic ancestry]
  1761 | D:3      | Reached XP level 4. HP: 13/37 MP: 4/4
  1761 | D:3      | Reached XP level 5. HP: 14/42 MP: 5/5
  2506 | D:4      | Noticed an ogre
  2512 | D:4      | Gained mutation: You have a pair of small horns on your
                  | head. [demonic ancestry]
  2512 | D:4      | Reached XP level 6. HP: 48/48 MP: 6/6
  2687 | D:4      | Gained mutation: You have a pair of horns on your head.
                  | [potion of mutation]
  2687 | D:4      | Gained mutation: You occasionally shout uncontrollably at
                  | your foes. [potion of mutation]
  2687 | D:4      | Gained mutation: You are agile. (Dex +2) [potion of
                  | mutation]
  2690 | D:4      | Found a staircase to the Ecumenical Temple.
  2716 | Temple   | Entered the Ecumenical Temple
  2766 | Temple   | Became a worshipper of Warmaster Okawaru
  3070 | D:5      | Entered Level 5 of the Dungeon
  3128 | D:5      | Noticed Pikel
  3182 | D:4      | Slain by Pikel

Illustrated notes

Levels and vault maps discovered:
D:1:      enne_arrival_octagon_isle, layout_basic, serial_shops, shop,
          shapermc_ecumenical_altar_hornbeckon
D:2:      layout_loops_ring, serial_forest, infiniplex_forest_lined_room_2,
          infiniplex_forest_end_2, infiniplex_forest_clump_curved,
          infiniplex_forest_end_1, infiniplex_forest_lined_2,
          infiniplex_forest_clump_curved, infiniplex_forest_clump_tiny,
          grunt_decor_fettered, kennysheep_decorative_pillar,
          grunt_ministairs_15
D:3:      layout_rooms, uniq_grinder
D:4:      layout_cave_pools, temple_pool_b
D:5:      layout_rooms, lemuel_tele_altar, uniq_pikel
Temple:   mainiacjoe_temple_circle_huts

Skill      XL: |  1  2  3  4  5  6 |
---------------+-------------------+-----
Axes           | 2 3 4 |  4.2
Dodging        | 1 2 |  2.3
Armour         | 3 |  3.7
Shields        | 3 |  3.8
Fighting       | 4 |  4.2

Action                   |  1- 3 |  4- 6 || total
-------------------------+-------+-------++-------
Melee: War axe           |   103 |    75 ||   178
       Headbutt          |       |     5 ||     5
  Use: Scroll            |     6 |     4 ||    10
       Potion            |     1 |     5 ||     6
Armor: Scale mail        |    39 |     6 ||    45
       Plate armour      |       |    45 ||    45
Dodge: Dodged            |    32 |    29 ||    61
Block: Buckler           |    22 |    17 ||    39
